Mustangs vs Little Stars
(R1)
Created - October 16, 2017 at 19:11
Goals
|
| Mustangs |
1 |
1 |
1 |
3 |
| Little Stars |
2 |
3 |
2 |
7 |
|
Shots
|
| Mustangs |
13 |
11 |
7 |
31 |
| Little Stars |
9 |
13 |
10 |
32 |
|
1st period
1. Little Stars , Brian Flynn 1 (Alex Chiasson 2) at 4:11 (PP)
2. Mustangs , Riley Sheahan 3 (Eric Wellwood 3) at 7:01
3. Little Stars , Brian Flynn 2 (Shawn Matthias 2, Alex Chiasson 3) at 14:02 (PP)
Penalties :
Joshua Leivo (Ham) for Goalie Interference (Minor) at 3:59, Cameron Gaunce (Ham) for Roughing (Minor) at 13:46, Robert Klinkhammer (Tex) for High sticking (Minor) at 16:59
2nd period
4. Little Stars , Brian Flynn 3 (Alex Chiasson 4, Niklas Hjalmarsson 2) at 1:09
5. Little Stars , Hugh Jessiman 2 (Jesse Joensuu 1, Yannick Weber 1) at 1:55
6. Little Stars , Shawn Matthias 2 (Brian Flynn 4, Alex Chiasson 5) at 4:10
7. Mustangs , Rick Schofield 2 (Alexei Marchenko 1) at 8:46
Penalties :
Eric Wellwood (Ham) for Roughing (Minor) at 10:04
3rd period
8. Little Stars , Dana Tyrell 2 (Andrej Sustr 2) at 6:30
9. Little Stars , Jesper Fast 2 (Mathieu Perreault 2, Tyson Barrie 1) at 10:58
10. Mustangs , Francis Paré 1 (Rick Schofield 1, Alexei Marchenko 2) at 15:15
Penalties :
Phil Oreskovic (Tex) for Holding Stick (Minor) at 7:11, Brady Skjei (Ham) for Holding (Minor) at 7:33, Jerome Samson (Ham) for Tripping (Minor) at 12:59, Hugh Jessiman (Tex) for Hooking (Minor) at 17:31
Goalie Stats
Peter Mannino (Ham), 7 saves from 11 shots - (0.636), L, 1-1-1, 21:55 minutes
Chet Pickard (Ham), 18 saves from 21 shots - (0.857), 38:05 minutes
Peter Delmas (Tex), 28 saves from 31 shots - (0.903), W, 1-0-0, 60:00 minutes
Players Stats for Mustangs
Player Name G A P +/- PIM S H SB GA TA FO MP PP MP PK MP
------------------------------------------------------------------------------------
Alexei Marchenko 0 2 2 1 0 1 0 0 0 1 0/0 19:58 1:40 2:16
Andreas Athanasiou 0 0 0 0 0 0 2 1 0 0 2/6 11:30 0:00 1:06
Andrew Shaw 0 0 0 -3 0 3 5 1 0 1 0/1 15:05 1:41 0:00
Brady Skjei 0 0 0 -2 2 2 1 4 0 1 0/0 25:02 2:39 2:23
Cameron Gaunce 0 0 0 -3 2 0 1 4 2 1 0/0 27:19 2:40 2:29
Curtis Hamilton 0 0 0 1 0 1 0 0 0 0 0/0 8:26 0:00 0:15
Derek Joslin 0 0 0 1 0 1 0 3 0 1 0/0 19:45 1:40 2:00
Eric Wellwood 0 1 1 0 2 2 1 2 1 1 1/1 22:54 2:39 1:43
Francis Paré 1 0 1 1 0 3 0 0 0 0 0/0 8:11 0:00 0:00
Jerome Samson 0 0 0 0 2 1 2 0 0 1 0/1 11:15 0:12 0:00
Jim O'Brien 0 0 0 -3 0 2 0 1 0 0 12/24 16:49 1:41 1:25
Josh Jooris 0 0 0 0 0 4 4 0 0 0 0/1 19:59 2:27 0:00
Joshua Leivo 0 0 0 0 2 0 0 0 0 0 0/0 11:03 0:00 0:45
Marcus Foligno 0 0 0 -3 0 2 2 0 0 1 0/0 16:58 1:41 2:05
Mark Pysyk 0 0 0 0 0 2 0 0 0 0 0/0 13:26 0:00 0:03
Rick Schofield 1 1 2 1 0 4 2 0 2 0 3/4 8:11 0:00 0:00
Riley Sheahan 1 0 1 0 0 2 1 0 1 0 23/33 23:06 2:39 2:17
Scott Mayfield 0 0 0 -1 0 1 0 0 0 1 0/0 14:33 0:00 0:25
Players Stats for Little Stars
Player Name G A P +/- PIM S H SB GA TA FO MP PP MP PK MP
------------------------------------------------------------------------------------
Alex Chiasson 0 4 4 1 0 3 3 0 2 0 1/5 22:40 2:25 2:29
Alexander Vasyunov 0 0 0 0 0 0 0 0 1 0 0/0 11:45 0:00 0:00
Andrej Sustr 0 1 1 1 0 1 2 0 0 1 0/0 18:05 1:57 1:53
Brian Flynn 3 1 4 1 0 8 1 0 0 0 14/33 20:35 2:25 1:02
Dana Tyrell 1 0 1 2 0 1 2 0 1 0 6/16 16:32 2:22 0:00
Daniel Catenacci 0 0 0 0 0 0 0 0 0 0 0/0 1:04 0:01 1:00
Daniel O'regan 0 0 0 -1 0 0 0 0 0 0 0/0 6:53 0:00 0:23
Dillon Simpson 0 0 0 0 0 0 0 0 0 0 0/0 0:22 0:00 0:22
Duncan Siemens 0 0 0 -1 0 0 0 0 0 0 0/0 4:58 0:00 0:00
Hugh Jessiman 1 0 1 2 2 2 2 0 0 1 0/0 17:17 2:22 0:28
Jesper Fast 1 0 1 0 0 3 1 1 2 1 0/1 11:45 0:00 0:00
Jesse Joensuu 0 1 1 2 0 2 1 1 0 1 0/0 16:32 2:22 0:00
Mathieu Perreault 0 1 1 0 0 1 2 1 2 1 6/10 11:45 0:00 0:00
Michael Mersch 0 0 0 0 0 0 0 0 0 0 0/0 1:16 0:01 0:49
Nail Yakupov 0 0 0 -1 0 1 0 0 0 0 0/0 6:27 0:00 0:00
Niklas Hjalmarsson 0 1 1 1 0 2 3 2 0 0 0/0 26:21 2:51 2:27
Phil Oreskovic 0 0 0 1 2 0 2 2 0 1 0/0 24:49 2:30 2:05
Reece Willcox 0 0 0 -1 0 0 0 0 0 0 0/0 4:58 0:00 0:00
Robert Klinkhammer 0 0 0 -1 2 1 0 0 0 0 0/0 6:29 0:00 0:00
Scott Harrington 0 0 0 1 0 1 0 0 0 0 0/0 10:36 0:00 0:00
Scott Kosmachuck 0 0 0 0 0 0 0 0 0 0 0/0 0:20 0:00 0:00
Shawn Matthias 1 1 2 1 0 3 3 0 0 0 3/6 22:40 2:25 2:29
Tyson Barrie 0 1 1 1 0 1 0 0 1 0 0/0 10:36 0:00 0:00
Ville Pokka 0 0 0 0 0 0 0 0 0 0 0/0 1:10 0:22 0:00
Yannick Weber 0 1 1 1 0 2 1 0 0 0 0/0 18:05 1:57 1:53
3 Stars
1 - Brian Flynn (Tex)
2 - Alex Chiasson (Tex)
3 - Shawn Matthias (Tex)
Power Play
Mustangs - 0 on 3 Attempt(s) - 0.00%
Little Stars - 2 on 5 Attempt(s) - 40.00%
Penalty Kill
Mustangs - 3 on 5 Attempt(s) - 60.00%
- Score 0 goal in Penalty Kill
Little Stars - 3 on 3 Attempt(s) - 100.00%
- Score 0 goal in Penalty Kill
Team Stat
Mustangs - Hits : 21 - Faceoff Wins : 41 - Blocked Shots : 16 - Penalty Minutes : 10
Little Stars - Hits : 23 - Faceoff Wins : 30 - Blocked Shots : 7 - Penalty Minutes : 6
Official
Referees : Auger Stephane and Devorski Paul
Linesman : Jay Sharrers and Tony Sericolo
Game Notes
Brian Flynn has scored a Hat Trick!
Chet Pickard enters game at 1:55 of 2nd period
Finance
Level 1 -- Attendance: 1571 (78.55%) -- Ticket Income $54,985
Level 2 -- Attendance: 781 (78.10%) -- Ticket Income $15,620
Total Attendance: 2352 (78.40%)
Total Ticket Income: $70,605
Other Income: $3,530
Total Income: $74,135
Mustangs
5 vs 5 Forward
Center Left Wing Right Wing Time % Phy DF OF
1 Riley Sheahan Eric Wellwood Josh Jooris 40 1 2 2
2 Jim O'Brien Marcus Foligno Andrew Shaw 30 1 2 2
3 Andreas Athanasiou Joshua Leivo Jerome Samson 20 1 2 2
4 Rick Schofield Curtis Hamilton Francis Paré 10 1 2 2
5 vs 5 Defense
Defense Defense Time % Phy DF OF
1 Cameron Gaunce Brady Skjei 40 1 2 2
2 Alexei Marchenko Derek Joslin 30 1 2 2
3 Mark Pysyk Scott Mayfield 20 1 2 2
4 Brady Skjei Cameron Gaunce 10 1 2 2
PowerPlay Forward
Center Left Wing Right Wing Time % Phy DF OF
1 Riley Sheahan Eric Wellwood Josh Jooris 60 1 2 2
2 Jim O'Brien Marcus Foligno Andrew Shaw 40 1 2 2
PowerPlay Defense
Defense Defense Time % Phy DF OF
1 Cameron Gaunce Brady Skjei 60 1 2 2
2 Alexei Marchenko Derek Joslin 40 1 2 2
Penalty Kill 4 Players Forward
Center Wing Time % Phy DF OF
1 Riley Sheahan Eric Wellwood 60 1 2 2
2 Jim O'Brien Marcus Foligno 40 1 2 2
Penalty Kill 4 Players Defense
Defense Defense Time % Phy DF OF
1 Cameron Gaunce Brady Skjei 60 1 2 2
2 Alexei Marchenko Derek Joslin 40 1 2 2
Penalty Kill - 3 Players Forward
Forward Time % Phy DF OF
1 Riley Sheahan 60 1 2 2
2 Jim O'Brien 40 1 2 2
Penalty Kill - 3 Players Defense
Defense Defense Time % Phy DF OF
1 Cameron Gaunce Brady Skjei 60 1 2 2
2 Alexei Marchenko Derek Joslin 40 1 2 2
4 vs 4 Forward
Center Wing Time % Phy DF OF
1 Riley Sheahan Eric Wellwood 60 1 2 2
2 Jim O'Brien Josh Jooris 40 1 2 2
4 vs 4 Defense
Defense Defense Time % Phy DF OF
1 Cameron Gaunce Brady Skjei 60 1 2 2
2 Alexei Marchenko Derek Joslin 40 1 2 2
Last Minutes Offensive
Center Left Wing Right Wing Defense Defense
Riley Sheahan Eric Wellwood Josh Jooris Cameron Gaunce Brady Skjei
Last Minutes Defensive
Center Left Wing Right Wing Defense Defense
Riley Sheahan Eric Wellwood Josh Jooris Alexei Marchenko Derek Joslin
Goaltenders
Starting : Peter Mannino
Backup : Chet Pickard
Extra Forwards
Normal : Riley Sheahan, Andrew Shaw, Jerome Samson - PP : Jerome Samson, Andrew Shaw - PK : Eric Wellwood
Extra Defensemen
Normal : Brady Skjei, Alexei Marchenko, Mark Pysyk - PP : Brady Skjei - PK : Alexei Marchenko, Derek Joslin
Penalty Shots
Andreas Athanasiou, Rick Schofield, Eric Wellwood, Marcus Foligno, Josh Jooris
Scratches
Roman Horak (Healthy), Dominik Uher (Healthy), Joe Finley (Healthy), Eric Knodel (Healthy), Matthew Finn (Healthy)
Danny Biega (Healthy), Raphael Bussieres (Healthy), Sam Kurker (Healthy), Max Gortz (Healthy), Denis Bodrov (Healthy)
Riley Nash (Healthy), Justin Peters (Healthy), Joacim Eriksson (Healthy)
Little Stars
5 vs 5 Forward
Center Left Wing Right Wing Time % Phy DF OF
1 Brian Flynn Shawn Matthias Alex Chiasson 40 1 2 2
2 Dana Tyrell Jesse Joensuu Hugh Jessiman 30 1 2 2
3 Mathieu Perreault Alexander Vasyunov Jesper Fast 20 1 2 2
4 Daniel O'regan Robert Klinkhammer Nail Yakupov 10 1 2 2
5 vs 5 Defense
Defense Defense Time % Phy DF OF
1 Niklas Hjalmarsson Phil Oreskovic 40 1 2 2
2 Andrej Sustr Yannick Weber 30 1 2 2
3 Tyson Barrie Scott Harrington 20 1 2 2
4 Reece Willcox Duncan Siemens 10 1 2 2
PowerPlay Forward
Center Left Wing Right Wing Time % Phy DF OF
1 Brian Flynn Shawn Matthias Alex Chiasson 60 1 2 2
2 Dana Tyrell Jesse Joensuu Hugh Jessiman 40 1 2 2
PowerPlay Defense
Defense Defense Time % Phy DF OF
1 Niklas Hjalmarsson Phil Oreskovic 60 1 2 2
2 Andrej Sustr Yannick Weber 40 1 2 2
Penalty Kill 4 Players Forward
Center Wing Time % Phy DF OF
1 Alex Chiasson Shawn Matthias 60 1 2 2
2 Hugh Jessiman Brian Flynn 40 1 2 2
Penalty Kill 4 Players Defense
Defense Defense Time % Phy DF OF
1 Niklas Hjalmarsson Phil Oreskovic 60 1 2 2
2 Andrej Sustr Yannick Weber 40 1 2 2
Penalty Kill - 3 Players Forward
Forward Time % Phy DF OF
1 Alex Chiasson 60 1 2 2
2 Shawn Matthias 40 1 2 2
Penalty Kill - 3 Players Defense
Defense Defense Time % Phy DF OF
1 Niklas Hjalmarsson Phil Oreskovic 60 1 2 2
2 Andrej Sustr Yannick Weber 40 1 2 2
4 vs 4 Forward
Center Wing Time % Phy DF OF
1 Alex Chiasson Shawn Matthias 60 1 2 2
2 Hugh Jessiman Brian Flynn 40 1 2 2
4 vs 4 Defense
Defense Defense Time % Phy DF OF
1 Niklas Hjalmarsson Phil Oreskovic 60 1 2 2
2 Andrej Sustr Yannick Weber 40 1 2 2
Last Minutes Offensive
Center Left Wing Right Wing Defense Defense
Brian Flynn Shawn Matthias Alex Chiasson Niklas Hjalmarsson Phil Oreskovic
Last Minutes Defensive
Center Left Wing Right Wing Defense Defense
Brian Flynn Shawn Matthias Alex Chiasson Niklas Hjalmarsson Phil Oreskovic
Goaltenders
Starting : Peter Delmas
Backup : Jhonas Enroth
Extra Forwards
Normal : Michael Mersch, Scott Kosmachuck, Daniel Catenacci - PP : Michael Mersch, Scott Kosmachuck - PK : Daniel Catenacci
Extra Defensemen
Normal : Ville Pokka, Dillon Simpson, Tyson Barrie - PP : Ville Pokka - PK : Dillon Simpson, Tyson Barrie
Penalty Shots
Alex Chiasson, Shawn Matthias, Hugh Jessiman, Brian Flynn, Jesse Joensuu
Scratches
Tyler Wotherspoon (Right Knee Injury), Alexander Khokhlachev (Healthy), Anthony Camara (Healthy), Laurent Brossoit (Healthy), Anthony Stolarz (Healthy)
% Time on Ice - Mustangs
Lines # - Real PCT - Wanted PCT - Time Play
Normal Forward
1 - 36% - 40% - 17:45
2 - 26% - 30% - 13:00
3 - 21% - 20% - 10:19
4 - 17% - 10% - 8:11
Normal Defense
1 - 39% - 40% - 19:19
2 - 31% - 30% - 15:18
3 - 24% - 20% - 11:54
4 - 6% - 10% - 2:44
PP Forward
1 - 61% - 60% - 2:39
2 - 39% - 40% - 1:41
PP Defense
1 - 62% - 60% - 2:40
2 - 38% - 40% - 1:40
PK Forward
1 - 77% - 60% - 3:41
2 - 23% - 40% - 1:07
PK Defense
1 - 58% - 60% - 2:48
2 - 42% - 40% - 2:00
PK3 Forward
1 - 0% - 60%
2 - 0% - 40%
PK3 Defense
1 - 0% - 60%
2 - 0% - 40%
44 Forward
1 - 79% - 60% - 1:17
2 - 21% - 40% - 0:20
44 Defense
1 - 100% - 60% - 1:37
2 - 0% - 40% - 0:00
Last Minute Offensive - 0:00
Last Minute Defensive - 0:00
Total
Forward - 60:00
Defense - 60:00
|
% Time on Ice - Little Stars
Lines # - Real PCT - Wanted PCT - Time Play
Normal Forward
1 - 34% - 40% - 16:53
2 - 29% - 30% - 14:10
3 - 24% - 20% - 11:45
4 - 13% - 10% - 6:27
Normal Defense
1 - 41% - 40% - 20:19
2 - 27% - 30% - 13:22
3 - 22% - 20% - 10:36
4 - 10% - 10% - 4:58
PP Forward
1 - 51% - 60% - 2:26
2 - 49% - 40% - 2:22
PP Defense
1 - 59% - 60% - 2:51
2 - 41% - 40% - 1:57
PK Forward
1 - 76% - 60% - 3:18
2 - 24% - 40% - 1:02
PK Defense
1 - 57% - 60% - 2:27
2 - 43% - 40% - 1:53
PK3 Forward
1 - 0% - 60%
2 - 0% - 40%
PK3 Defense
1 - 0% - 60%
2 - 0% - 40%
44 Forward
1 - 81% - 60% - 1:19
2 - 19% - 40% - 0:18
44 Defense
1 - 45% - 60% - 0:44
2 - 55% - 40% - 0:53
Last Minute Offensive - 0:00
Last Minute Defensive - 0:00
Total
Forward - 60:00
Defense - 60:00
|
Play by Play
1st period
0:01 of 1st period - Riley Sheahan wins face-off versus Brian Flynn in neutral zone.
0:14 of 1st period - Snap shot by Brian Flynn.
0:14 of 1st period - Shot Misses the Net.
0:16 of 1st period - Slapshot by Niklas Hjalmarsson.
0:16 of 1st period - Shot Blocked by Brady Skjei.
0:33 of 1st period - Cameron Gaunce is hit by Hugh Jessiman and loses puck.
1:46 of 1st period - Backhand shot by Tyson Barrie.
1:46 of 1st period - Deflect By Marcus Foligno.
1:46 of 1st period - Stopped by Peter Mannino without a rebound.
1:47 of 1st period - Jim O'Brien wins face-off versus Shawn Matthias in Mustangs zone.
2:12 of 1st period - Phil Oreskovic is hit by Riley Sheahan and loses puck.
2:59 of 1st period - Snap shot by Francis Paré.
2:59 of 1st period - Shot Misses the Net.
3:01 of 1st period - Wrist shot by Curtis Hamilton.
3:01 of 1st period - Stopped by Peter Delmas without a rebound.
3:02 of 1st period - Jim O'Brien wins face-off versus Dana Tyrell in Little Stars zone.
3:27 of 1st period - Josh Jooris is hit by Shawn Matthias and loses puck.
3:59 of 1st period - Minor Penalty to Joshua Leivo for Goalie Interference.
4:00 of 1st period - Riley Sheahan wins face-off versus Brian Flynn in Mustangs zone.
4:11 of 1st period - Snap shot by Brian Flynn.
4:11 of 1st period - Goal by Brian Flynn - Mustangs : 0 - Little Stars : 1.
4:12 of 1st period - Brian Flynn wins face-off versus Riley Sheahan in neutral zone.
4:27 of 1st period - Wrist shot by Riley Sheahan.
4:27 of 1st period - Stopped by Peter Delmas with a rebound.
4:39 of 1st period - Phil Oreskovic is hit by Andrew Shaw and loses puck.
4:48 of 1st period - Backhand shot by Niklas Hjalmarsson.
4:48 of 1st period - Shot Misses the Net.
5:24 of 1st period - Snap shot by Robert Klinkhammer.
5:24 of 1st period - Stopped by Peter Mannino with a rebound.
5:46 of 1st period - Rick Schofield is hit by Shawn Matthias and loses puck.
5:54 of 1st period - Off-side.
5:55 of 1st period - Dana Tyrell wins face-off versus Jim O'Brien in neutral zone.
6:29 of 1st period - Slapshot by Yannick Weber.
6:29 of 1st period - Stopped by Peter Mannino with a rebound.
6:59 of 1st period - Wrist shot by Riley Sheahan.
6:59 of 1st period - Shot Misses the Net.
7:01 of 1st period - Wrist shot by Riley Sheahan.
7:01 of 1st period - Goal by Riley Sheahan - Mustangs : 1 - Little Stars : 1.
7:02 of 1st period - Jim O'Brien wins face-off versus Brian Flynn in neutral zone.
7:05 of 1st period - Phil Oreskovic is hit by Marcus Foligno and loses puck.
7:28 of 1st period - Niklas Hjalmarsson is hit by Jerome Samson and loses puck.
7:51 of 1st period - Josh Jooris is hit by Jesper Fast.
8:20 of 1st period - Snap shot by Brian Flynn.
8:20 of 1st period - Shot Misses the Net.
8:42 of 1st period - Snap shot by Eric Wellwood.
8:42 of 1st period - Stopped by Peter Delmas with a rebound.
8:54 of 1st period - Snap shot by Riley Sheahan.
8:54 of 1st period - Shot Misses the Net.
8:56 of 1st period - Slapshot by Mark Pysyk.
8:56 of 1st period - Deflect By Tyson Barrie.
8:56 of 1st period - Stopped by Peter Delmas with a rebound.
8:58 of 1st period - Backhand shot by Eric Wellwood.
8:58 of 1st period - Stopped by Peter Delmas without a rebound.
8:59 of 1st period - Brian Flynn wins face-off versus Jim O'Brien in Little Stars zone.
9:10 of 1st period - Slapshot by Shawn Matthias.
9:10 of 1st period - Deflect By Brady Skjei.
9:10 of 1st period - Shot Blocked by Jim O'Brien.
9:10 of 1st period - Puck is out of play.
9:11 of 1st period - Jim O'Brien wins face-off versus Dana Tyrell in Mustangs zone.
9:22 of 1st period - Slapshot by Jesse Joensuu.
9:22 of 1st period - Stopped by Peter Mannino with a rebound.
9:24 of 1st period - Wrist shot by Phil Oreskovic.
9:24 of 1st period - Shot Misses the Net.
10:11 of 1st period - Snap shot by Alex Chiasson.
10:11 of 1st period - Shot Misses the Net.
10:27 of 1st period - Snap shot by Rick Schofield.
10:27 of 1st period - Stopped by Peter Delmas without a rebound.
10:28 of 1st period - Rick Schofield wins face-off versus Dana Tyrell in Little Stars zone.
10:37 of 1st period - Derek Joslin is hit by Jesse Joensuu and loses puck.
11:04 of 1st period - Snap shot by Francis Paré.
11:04 of 1st period - Stopped by Peter Delmas with a rebound.
11:44 of 1st period - Snap shot by Curtis Hamilton.
11:44 of 1st period - Shot Misses the Net.
12:04 of 1st period - Snap shot by Rick Schofield.
12:04 of 1st period - Shot Misses the Net.
12:06 of 1st period - Snap shot by Rick Schofield.
12:06 of 1st period - Shot Misses the Net.
12:08 of 1st period - Wrist shot by Mark Pysyk.
12:08 of 1st period - Stopped by Peter Delmas with a rebound.
12:16 of 1st period - Slapshot by Rick Schofield.
12:16 of 1st period - Shot Misses the Net.
12:28 of 1st period - Wrist shot by Francis Paré.
12:28 of 1st period - Shot Blocked by Jesse Joensuu.
12:48 of 1st period - Slapshot by Rick Schofield.
12:48 of 1st period - Stopped by Peter Delmas with a rebound.
12:50 of 1st period - Wrist shot by Rick Schofield.
12:50 of 1st period - Stopped by Peter Delmas without a rebound.
12:51 of 1st period - Riley Sheahan wins face-off versus Brian Flynn in Little Stars zone.
13:16 of 1st period - Phil Oreskovic is hit by Andrew Shaw and loses puck.
13:24 of 1st period - Off-side.
13:25 of 1st period - Brian Flynn wins face-off versus Andreas Athanasiou in neutral zone.
13:40 of 1st period - Wrist shot by Brian Flynn.
13:40 of 1st period - Shot Blocked by Cameron Gaunce.
13:46 of 1st period - Minor Penalty to Cameron Gaunce for Roughing.
13:47 of 1st period - Riley Sheahan wins face-off versus Shawn Matthias in Mustangs zone.
13:52 of 1st period - Slapshot by Eric Wellwood.
13:52 of 1st period - Shot Misses the Net.
14:02 of 1st period - Snap shot by Shawn Matthias.
14:02 of 1st period - Deflect By Brian Flynn.
14:02 of 1st period - Goal by Brian Flynn - Mustangs : 1 - Little Stars : 2.
14:03 of 1st period - Riley Sheahan wins face-off versus Brian Flynn in neutral zone.
14:28 of 1st period - Alexander Vasyunov is hit by Marcus Foligno and loses puck.
14:37 of 1st period - Snap shot by Jesper Fast.
14:37 of 1st period - Shot Misses the Net.
14:57 of 1st period - Derek Joslin is hit by Yannick Weber and loses puck.
15:12 of 1st period - Wrist shot by Alex Chiasson.
15:12 of 1st period - Deflect By Brian Flynn.
15:12 of 1st period - Stopped by Peter Mannino with a rebound.
15:32 of 1st period - Snap shot by Jim O'Brien.
15:32 of 1st period - Deflect By Andrew Shaw.
15:32 of 1st period - Shot Misses the Net.
15:32 of 1st period - Puck is out of play.
15:33 of 1st period - Jim O'Brien wins face-off versus Mathieu Perreault in Little Stars zone.
15:34 of 1st period - Slapshot by Marcus Foligno.
15:34 of 1st period - Shot Misses the Net.
15:45 of 1st period - Slapshot by Jesper Fast.
15:45 of 1st period - Shot Blocked by Andrew Shaw.
15:47 of 1st period - Slapshot by Phil Oreskovic.
15:47 of 1st period - Shot Misses the Net.
15:49 of 1st period - Slapshot by Niklas Hjalmarsson.
15:49 of 1st period - Stopped by Peter Mannino without a rebound.
15:50 of 1st period - Riley Sheahan wins face-off versus Brian Flynn in Mustangs zone.
16:15 of 1st period - Marcus Foligno is hit by Niklas Hjalmarsson and loses puck.
16:59 of 1st period - Minor Penalty to Robert Klinkhammer for High sticking.
17:00 of 1st period - Riley Sheahan wins face-off versus Alex Chiasson in Little Stars zone.
17:25 of 1st period - Shawn Matthias is hit by Andrew Shaw and loses puck.
18:20 of 1st period - Cameron Gaunce is hit by Brian Flynn and loses puck.
18:59 of 1st period - Penalty to Robert Klinkhammer is over, Robert Klinkhammer is back on ice.
19:06 of 1st period - Snap shot by Mathieu Perreault.
19:06 of 1st period - Stopped by Peter Mannino without a rebound.
19:07 of 1st period - Mathieu Perreault wins face-off versus Rick Schofield in Mustangs zone.
19:10 of 1st period - Wrist shot by Mathieu Perreault.
19:10 of 1st period - Shot Misses the Net.
19:18 of 1st period - Snap shot by Francis Paré.
19:18 of 1st period - Stopped by Peter Delmas with a rebound.
19:20 of 1st period - Wrist shot by Rick Schofield.
19:20 of 1st period - Shot Misses the Net.
19:22 of 1st period - Slapshot by Scott Mayfield.
19:22 of 1st period - Stopped by Peter Delmas without a rebound.
19:23 of 1st period - Brian Flynn wins face-off versus Jim O'Brien in Little Stars zone.
19:49 of 1st period - Brady Skjei is hit by Dana Tyrell and loses puck.
19:54 of 1st period - Slapshot by Phil Oreskovic.
19:54 of 1st period - Deflect By Hugh Jessiman.
19:54 of 1st period - Shot Blocked by Brady Skjei.
19:54 of 1st period - Puck is out of play.
19:55 of 1st period - Riley Sheahan wins face-off versus Dana Tyrell in Mustangs zone.
Goals for this period are 1 for Mustangs vs 2 for Little Stars.
Shots for this period are 13 for Mustangs vs 9 for Little Stars.
2nd period
0:01 of 2nd period - Shawn Matthias wins face-off versus Riley Sheahan in neutral zone.
0:04 of 2nd period - Riley Sheahan is hit by Alex Chiasson and loses puck.
0:39 of 2nd period - Off-side.
0:40 of 2nd period - Mathieu Perreault wins face-off versus Andreas Athanasiou in neutral zone.
0:45 of 2nd period - Wrist shot by Mathieu Perreault.
0:45 of 2nd period - Deflect By Alexander Vasyunov.
0:45 of 2nd period - Shot Hit the Post.
0:45 of 2nd period - Puck is out of play.
0:46 of 2nd period - Andreas Athanasiou wins face-off versus Jesper Fast in Mustangs zone.
0:51 of 2nd period - Slapshot by Jesper Fast.
0:51 of 2nd period - Shot Blocked by Derek Joslin.
0:53 of 2nd period - Slapshot by Yannick Weber.
0:53 of 2nd period - Deflect By Jesper Fast.
0:53 of 2nd period - Shot Misses the Net.
0:53 of 2nd period - Puck is out of play.
0:54 of 2nd period - Riley Sheahan wins face-off versus Brian Flynn in Mustangs zone.
1:07 of 2nd period - Snap shot by Brian Flynn.
1:07 of 2nd period - Shot Blocked by Brady Skjei.
1:09 of 2nd period - Slapshot by Alex Chiasson.
1:09 of 2nd period - Deflect By Brian Flynn.
1:09 of 2nd period - Goal by Brian Flynn - Mustangs : 1 - Little Stars : 3.
1:10 of 2nd period - Shawn Matthias wins face-off versus Riley Sheahan in neutral zone.
1:39 of 2nd period - Off-side.
1:40 of 2nd period - Jim O'Brien wins face-off versus Dana Tyrell in neutral zone.
1:55 of 2nd period - Backhand shot by Hugh Jessiman.
1:55 of 2nd period - Goal by Hugh Jessiman - Mustangs : 1 - Little Stars : 4.
1:55 of 2nd period - Chet Pickard enters game.
1:56 of 2nd period - Riley Sheahan wins face-off versus Brian Flynn in neutral zone.
1:58 of 2nd period - Cameron Gaunce is hit by Phil Oreskovic and loses puck.
2:28 of 2nd period - Slapshot by Brady Skjei.
2:28 of 2nd period - Stopped by Peter Delmas with a rebound.
2:30 of 2nd period - Snap shot by Marcus Foligno.
2:30 of 2nd period - Shot Misses the Net.
2:32 of 2nd period - Wrist shot by Cameron Gaunce.
2:32 of 2nd period - Shot Blocked by Mathieu Perreault.
3:09 of 2nd period - Robert Klinkhammer is hit by Rick Schofield and loses puck.
3:37 of 2nd period - Icing by Eric Wellwood.
3:38 of 2nd period - Mathieu Perreault wins face-off versus Riley Sheahan in Mustangs zone.
3:47 of 2nd period - Snap shot by Riley Sheahan.
3:47 of 2nd period - Shot Misses the Net.
3:49 of 2nd period - Wrist shot by Josh Jooris.
3:49 of 2nd period - Stopped by Peter Delmas with a rebound.
3:51 of 2nd period - Snap shot by Josh Jooris.
3:51 of 2nd period - Stopped by Peter Delmas with a rebound.
3:53 of 2nd period - Wrist shot by Alexei Marchenko.
3:53 of 2nd period - Stopped by Peter Delmas without a rebound.
3:54 of 2nd period - Brian Flynn wins face-off versus Jim O'Brien in Little Stars zone.
3:58 of 2nd period - Off-side.
3:59 of 2nd period - Brian Flynn wins face-off versus Jim O'Brien in neutral zone.
4:10 of 2nd period - Wrist shot by Shawn Matthias.
4:10 of 2nd period - Goal by Shawn Matthias - Mustangs : 1 - Little Stars : 5.
4:11 of 2nd period - Riley Sheahan wins face-off versus Brian Flynn in neutral zone.
4:21 of 2nd period - Icing by Phil Oreskovic.
4:22 of 2nd period - Riley Sheahan wins face-off versus Brian Flynn in Little Stars zone.
4:29 of 2nd period - Backhand shot by Riley Sheahan.
4:29 of 2nd period - Shot Misses the Net.
4:37 of 2nd period - Slapshot by Brian Flynn.
4:37 of 2nd period - Shot Misses the Net.
4:39 of 2nd period - Snap shot by Shawn Matthias.
4:39 of 2nd period - Shot Misses the Net.
4:41 of 2nd period - Snap shot by Brian Flynn.
4:41 of 2nd period - Shot Misses the Net.
4:43 of 2nd period - Slapshot by Niklas Hjalmarsson.
4:43 of 2nd period - Deflect By Brian Flynn.
4:43 of 2nd period - Shot Blocked by Cameron Gaunce.
4:43 of 2nd period - Puck is out of play.
4:44 of 2nd period - Dana Tyrell wins face-off versus Jim O'Brien in Mustangs zone.
4:45 of 2nd period - Snap shot by Hugh Jessiman.
4:45 of 2nd period - Deflect By Jesse Joensuu.
4:45 of 2nd period - Shot Misses the Net.
4:45 of 2nd period - Puck is out of play.
4:46 of 2nd period - Jim O'Brien wins face-off versus Dana Tyrell in Mustangs zone.
4:59 of 2nd period - Wrist shot by Marcus Foligno.
4:59 of 2nd period - Deflect By Andrew Shaw.
4:59 of 2nd period - Stopped by Peter Delmas without a rebound.
5:00 of 2nd period - Riley Sheahan wins face-off versus Brian Flynn in Little Stars zone.
5:09 of 2nd period - Backhand shot by Niklas Hjalmarsson.
5:09 of 2nd period - Shot Blocked by Eric Wellwood.
5:11 of 2nd period - Snap shot by Brian Flynn.
5:11 of 2nd period - Shot Misses the Net.
5:16 of 2nd period - Off-side.
5:17 of 2nd period - Dana Tyrell wins face-off versus Jerome Samson in neutral zone.
5:28 of 2nd period - Wrist shot by Jesse Joensuu.
5:28 of 2nd period - Shot Hit the Post.
5:30 of 2nd period - Snap shot by Jesse Joensuu.
5:30 of 2nd period - Shot Blocked by Cameron Gaunce.
5:32 of 2nd period - Wrist shot by Phil Oreskovic.
5:32 of 2nd period - Shot Blocked by Cameron Gaunce.
5:48 of 2nd period - Wrist shot by Alex Chiasson.
5:48 of 2nd period - Shot Misses the Net.
7:06 of 2nd period - Icing by Eric Wellwood.
7:07 of 2nd period - Riley Sheahan wins face-off versus Brian Flynn in Mustangs zone.
7:24 of 2nd period - Shawn Matthias is hit by Josh Jooris.
7:54 of 2nd period - Alex Chiasson is hit by Josh Jooris and loses puck.
7:58 of 2nd period - Icing by Alex Chiasson.
7:59 of 2nd period - Jim O'Brien wins face-off versus Brian Flynn in Little Stars zone.
8:10 of 2nd period - Snap shot by Shawn Matthias.
8:10 of 2nd period - Stopped by Chet Pickard with a rebound.
8:46 of 2nd period - Snap shot by Rick Schofield.
8:46 of 2nd period - Goal by Rick Schofield - Mustangs : 2 - Little Stars : 5.
8:47 of 2nd period - Riley Sheahan wins face-off versus Dana Tyrell in neutral zone.
8:49 of 2nd period - Off-side.
8:50 of 2nd period - Riley Sheahan wins face-off versus Dana Tyrell in neutral zone.
8:52 of 2nd period - Cameron Gaunce is hit by Niklas Hjalmarsson and loses puck.
8:57 of 2nd period - Wrist shot by Riley Sheahan.
8:57 of 2nd period - Shot Blocked by Niklas Hjalmarsson.
8:59 of 2nd period - Snap shot by Josh Jooris.
8:59 of 2nd period - Stopped by Peter Delmas with a rebound.
9:01 of 2nd period - Slapshot by Cameron Gaunce.
9:01 of 2nd period - Deflect By Eric Wellwood.
9:01 of 2nd period - Shot Misses the Net.
9:01 of 2nd period - Puck is out of play.
9:02 of 2nd period - Eric Wellwood wins face-off versus Mathieu Perreault in Little Stars zone.
9:09 of 2nd period - Backhand shot by Brady Skjei.
9:09 of 2nd period - Stopped by Peter Delmas with a rebound.
9:39 of 2nd period - Niklas Hjalmarsson is hit by Josh Jooris.
10:04 of 2nd period - Minor Penalty to Eric Wellwood for Roughing.
10:05 of 2nd period - Brian Flynn wins face-off versus Jim O'Brien in Mustangs zone.
10:09 of 2nd period - Wrist shot by Brian Flynn.
10:09 of 2nd period - Stopped by Chet Pickard with a rebound.
10:11 of 2nd period - Slapshot by Yannick Weber.
10:11 of 2nd period - Deflect By Derek Joslin.
10:11 of 2nd period - Stopped by Chet Pickard with a rebound.
10:13 of 2nd period - Snap shot by Alex Chiasson.
10:13 of 2nd period - Stopped by Chet Pickard with a rebound.
10:15 of 2nd period - Snap shot by Alex Chiasson.
10:15 of 2nd period - Shot Misses the Net.
10:17 of 2nd period - Wrist shot by Brian Flynn.
10:17 of 2nd period - Stopped by Chet Pickard with a rebound.
12:04 of 2nd period - Penalty to Eric Wellwood is over, Eric Wellwood is back on ice.
12:52 of 2nd period - Scott Harrington is hit by Josh Jooris and loses puck.
13:05 of 2nd period - Tyson Barrie is hit by Andreas Athanasiou.
15:10 of 2nd period - Alexei Marchenko is hit by Shawn Matthias and loses puck.
15:18 of 2nd period - Icing by Francis Paré.
15:19 of 2nd period - Rick Schofield wins face-off versus Dana Tyrell in Mustangs zone.
15:30 of 2nd period - Derek Joslin is hit by Hugh Jessiman and loses puck.
15:49 of 2nd period - Slapshot by Brian Flynn.
15:49 of 2nd period - Shot Misses the Net.
16:04 of 2nd period - Off-side.
16:05 of 2nd period - Mathieu Perreault wins face-off versus Riley Sheahan in neutral zone.
16:05 of 2nd period - Mathieu Perreault is hit by Brady Skjei.
16:21 of 2nd period - Snap shot by Riley Sheahan.
16:21 of 2nd period - Shot Blocked by Jesper Fast.
16:31 of 2nd period - Jesper Fast is hit by Jerome Samson.
17:01 of 2nd period - Wrist shot by Jesper Fast.
17:01 of 2nd period - Stopped by Chet Pickard with a rebound.
17:03 of 2nd period - Slapshot by Scott Harrington.
17:03 of 2nd period - Stopped by Chet Pickard without a rebound.
17:04 of 2nd period - Brian Flynn wins face-off versus Jim O'Brien in Mustangs zone.
17:09 of 2nd period - Wrist shot by Alex Chiasson.
17:09 of 2nd period - Stopped by Chet Pickard without a rebound.
17:10 of 2nd period - Shawn Matthias wins face-off versus Jim O'Brien in Mustangs zone.
17:13 of 2nd period - Snap shot by Brian Flynn.
17:13 of 2nd period - Stopped by Chet Pickard with a rebound.
17:23 of 2nd period - Wrist shot by Andrew Shaw.
17:23 of 2nd period - Shot Misses the Net.
17:57 of 2nd period - Slapshot by Brady Skjei.
17:57 of 2nd period - Shot Misses the Net.
18:29 of 2nd period - Slapshot by Brady Skjei.
18:29 of 2nd period - Deflect By Andreas Athanasiou.
18:29 of 2nd period - Deflect By Alexander Vasyunov.
18:29 of 2nd period - Shot Misses the Net.
18:29 of 2nd period - Puck is out of play.
18:30 of 2nd period - Brian Flynn wins face-off versus Andrew Shaw in Little Stars zone.
18:39 of 2nd period - Snap shot by Marcus Foligno.
18:39 of 2nd period - Stopped by Peter Delmas with a rebound.
18:41 of 2nd period - Snap shot by Marcus Foligno.
18:41 of 2nd period - Stopped by Peter Delmas without a rebound.
18:42 of 2nd period - Jim O'Brien wins face-off versus Brian Flynn in Little Stars zone.
18:45 of 2nd period - Snap shot by Andrew Shaw.
18:45 of 2nd period - Stopped by Peter Delmas without a rebound.
18:46 of 2nd period - Brian Flynn wins face-off versus Jim O'Brien in Little Stars zone.
18:58 of 2nd period - Off-side.
18:59 of 2nd period - Brian Flynn wins face-off versus Riley Sheahan in neutral zone.
19:02 of 2nd period - Slapshot by Niklas Hjalmarsson.
19:02 of 2nd period - Stopped by Chet Pickard with a rebound.
19:14 of 2nd period - Wrist shot by Shawn Matthias.
19:14 of 2nd period - Shot Misses the Net.
19:48 of 2nd period - Snap shot by Joshua Leivo.
19:48 of 2nd period - Deflect By Mathieu Perreault.
19:48 of 2nd period - Shot Misses the Net.
19:48 of 2nd period - Puck is out of play.
19:49 of 2nd period - Mathieu Perreault wins face-off versus Andreas Athanasiou in Little Stars zone.
19:49 of 2nd period - Mathieu Perreault is hit by Cameron Gaunce.
19:55 of 2nd period - Joshua Leivo is hit by Mathieu Perreault and loses puck.
Goals for this period are 1 for Mustangs vs 3 for Little Stars.
Shots for this period are 11 for Mustangs vs 13 for Little Stars.
3rd period
0:01 of 3rd period - Riley Sheahan wins face-off versus Brian Flynn in neutral zone.
1:28 of 3rd period - Josh Jooris is hit by Andrej Sustr and loses puck.
1:51 of 3rd period - Wrist shot by Jim O'Brien.
1:51 of 3rd period - Stopped by Peter Delmas with a rebound.
1:55 of 3rd period - Slapshot by Jim O'Brien.
1:55 of 3rd period - Shot Misses the Net.
1:57 of 3rd period - Snap shot by Andrew Shaw.
1:57 of 3rd period - Stopped by Peter Delmas with a rebound.
2:06 of 3rd period - Icing by Tyson Barrie.
2:07 of 3rd period - Andreas Athanasiou wins face-off versus Mathieu Perreault in Little Stars zone.
2:08 of 3rd period - Wrist shot by Jerome Samson.
2:08 of 3rd period - Shot Misses the Net.
2:57 of 3rd period - Slapshot by Dana Tyrell.
2:57 of 3rd period - Shot Blocked by Derek Joslin.
3:04 of 3rd period - Off-side.
3:05 of 3rd period - Dana Tyrell wins face-off versus Riley Sheahan in neutral zone.
3:08 of 3rd period - Slapshot by Niklas Hjalmarsson.
3:08 of 3rd period - Shot Misses the Net.
3:32 of 3rd period - Wrist shot by Jerome Samson.
3:32 of 3rd period - Stopped by Peter Delmas with a rebound.
3:48 of 3rd period - Slapshot by Jesse Joensuu.
3:48 of 3rd period - Shot Blocked by Andreas Athanasiou.
4:01 of 3rd period - Slapshot by Jesse Joensuu.
4:01 of 3rd period - Stopped by Chet Pickard with a rebound.
4:03 of 3rd period - Snap shot by Niklas Hjalmarsson.
4:03 of 3rd period - Deflect By Jesse Joensuu.
4:03 of 3rd period - Shot Misses the Net.
4:03 of 3rd period - Puck is out of play.
4:04 of 3rd period - Brian Flynn wins face-off versus Riley Sheahan in Mustangs zone.
4:05 of 3rd period - Slapshot by Shawn Matthias.
4:05 of 3rd period - Shot Blocked by Eric Wellwood.
4:07 of 3rd period - Snap shot by Andrej Sustr.
4:07 of 3rd period - Stopped by Chet Pickard with a rebound.
4:09 of 3rd period - Snap shot by Shawn Matthias.
4:09 of 3rd period - Stopped by Chet Pickard without a rebound.
4:10 of 3rd period - Brian Flynn wins face-off versus Josh Jooris in Mustangs zone.
4:41 of 3rd period - Wrist shot by Jesper Fast.
4:41 of 3rd period - Stopped by Chet Pickard with a rebound.
4:43 of 3rd period - Snap shot by Jesper Fast.
4:43 of 3rd period - Deflect By Mathieu Perreault.
4:43 of 3rd period - Shot Misses the Net.
4:43 of 3rd period - Puck is out of play.
4:44 of 3rd period - Jim O'Brien wins face-off versus Brian Flynn in Mustangs zone.
4:58 of 3rd period - Wrist shot by Alex Chiasson.
4:58 of 3rd period - Shot Misses the Net.
5:15 of 3rd period - Alexei Marchenko is hit by Dana Tyrell and loses puck.
5:57 of 3rd period - Backhand shot by Brian Flynn.
5:57 of 3rd period - Stopped by Chet Pickard without a rebound.
5:58 of 3rd period - Jim O'Brien wins face-off versus Brian Flynn in Mustangs zone.
5:58 of 3rd period - Jim O'Brien is hit by Alex Chiasson.
6:20 of 3rd period - Icing by Scott Mayfield.
6:21 of 3rd period - Dana Tyrell wins face-off versus Jim O'Brien in Mustangs zone.
6:24 of 3rd period - Backhand shot by Dana Tyrell.
6:24 of 3rd period - Deflect By Hugh Jessiman.
6:24 of 3rd period - Stopped by Chet Pickard without a rebound.
6:25 of 3rd period - Jim O'Brien wins face-off versus Dana Tyrell in Mustangs zone.
6:30 of 3rd period - Wrist shot by Dana Tyrell.
6:30 of 3rd period - Goal by Dana Tyrell - Mustangs : 2 - Little Stars : 6.
6:31 of 3rd period - Brian Flynn wins face-off versus Riley Sheahan in neutral zone.
6:38 of 3rd period - Wrist shot by Alex Chiasson.
6:38 of 3rd period - Shot Misses the Net.
7:03 of 3rd period - Wrist shot by Marcus Foligno.
7:03 of 3rd period - Shot Misses the Net.
7:11 of 3rd period - Minor Penalty to Phil Oreskovic for Holding Stick.
7:12 of 3rd period - Riley Sheahan wins face-off versus Shawn Matthias in Little Stars zone.
7:25 of 3rd period - Snap shot by Niklas Hjalmarsson.
7:25 of 3rd period - Shot Blocked by Brady Skjei.
7:27 of 3rd period - Wrist shot by Alex Chiasson.
7:27 of 3rd period - Stopped by Chet Pickard with a rebound.
7:33 of 3rd period - Minor Penalty to Brady Skjei for Holding.
7:34 of 3rd period - Riley Sheahan wins face-off versus Alex Chiasson in Mustangs zone.
8:01 of 3rd period - Riley Sheahan is hit by Alex Chiasson and loses puck.
8:24 of 3rd period - Slapshot by Yannick Weber.
8:24 of 3rd period - Shot Blocked by Derek Joslin.
8:51 of 3rd period - Slapshot by Andrej Sustr.
8:51 of 3rd period - Shot Misses the Net.
8:53 of 3rd period - Wrist shot by Andrej Sustr.
8:53 of 3rd period - Shot Misses the Net.
9:11 of 3rd period - Penalty to Phil Oreskovic is over, Phil Oreskovic is back on ice.
9:33 of 3rd period - Penalty to Brady Skjei is over, Brady Skjei is back on ice.
9:44 of 3rd period - Icing by Cameron Gaunce.
9:45 of 3rd period - Rick Schofield wins face-off versus Mathieu Perreault in Mustangs zone.
9:45 of 3rd period - Rick Schofield is hit by Mathieu Perreault.
10:01 of 3rd period - Wrist shot by Mathieu Perreault.
10:01 of 3rd period - Shot Misses the Net.
10:58 of 3rd period - Snap shot by Jesper Fast.
10:58 of 3rd period - Goal by Jesper Fast - Mustangs : 2 - Little Stars : 7.
10:59 of 3rd period - Riley Sheahan wins face-off versus Brian Flynn in neutral zone.
11:03 of 3rd period - Alexei Marchenko is hit by Phil Oreskovic and loses puck.
12:25 of 3rd period - Shawn Matthias is hit by Andrew Shaw and loses puck.
12:39 of 3rd period - Shawn Matthias is hit by Rick Schofield and loses puck.
12:52 of 3rd period - Snap shot by Nail Yakupov.
12:52 of 3rd period - Stopped by Chet Pickard with a rebound.
12:54 of 3rd period - Slapshot by Robert Klinkhammer.
12:54 of 3rd period - Shot Misses the Net.
12:59 of 3rd period - Minor Penalty to Jerome Samson for Tripping.
13:00 of 3rd period - Riley Sheahan wins face-off versus Alex Chiasson in Mustangs zone.
13:40 of 3rd period - Backhand shot by Jim O'Brien.
13:40 of 3rd period - Stopped by Peter Delmas without a rebound.
13:41 of 3rd period - Dana Tyrell wins face-off versus Jim O'Brien in Little Stars zone.
13:48 of 3rd period - Derek Joslin is hit by Andrej Sustr and loses puck.
14:59 of 3rd period - Penalty to Jerome Samson is over, Jerome Samson is back on ice.
15:13 of 3rd period - Wrist shot by Rick Schofield.
15:13 of 3rd period - Shot Blocked by Phil Oreskovic.
15:15 of 3rd period - Snap shot by Francis Paré.
15:15 of 3rd period - Goal by Francis Paré - Mustangs : 3 - Little Stars : 7.
15:16 of 3rd period - Riley Sheahan wins face-off versus Brian Flynn in neutral zone.
15:41 of 3rd period - Phil Oreskovic is hit by Andrew Shaw and loses puck.
15:46 of 3rd period - Wrist shot by Jim O'Brien.
15:46 of 3rd period - Shot Misses the Net.
16:03 of 3rd period - Snap shot by Rick Schofield.
16:03 of 3rd period - Shot Blocked by Niklas Hjalmarsson.
16:05 of 3rd period - Slapshot by Derek Joslin.
16:05 of 3rd period - Stopped by Peter Delmas with a rebound.
16:11 of 3rd period - Snap shot by Francis Paré.
16:11 of 3rd period - Shot Misses the Net.
16:13 of 3rd period - Wrist shot by Rick Schofield.
16:13 of 3rd period - Shot Misses the Net.
16:15 of 3rd period - Slapshot by Scott Mayfield.
16:15 of 3rd period - Shot Blocked by Phil Oreskovic.
16:45 of 3rd period - Niklas Hjalmarsson is hit by Andreas Athanasiou and loses puck.
17:31 of 3rd period - Minor Penalty to Hugh Jessiman for Hooking.
17:32 of 3rd period - Alex Chiasson wins face-off versus Riley Sheahan in Little Stars zone.
17:32 of 3rd period - Alex Chiasson is hit by Eric Wellwood.
17:45 of 3rd period - Off-side.
17:46 of 3rd period - Riley Sheahan wins face-off versus Alex Chiasson in neutral zone.
17:55 of 3rd period - Snap shot by Josh Jooris.
17:55 of 3rd period - Stopped by Peter Delmas with a rebound.
17:57 of 3rd period - Wrist shot by Brady Skjei.
17:57 of 3rd period - Shot Misses the Net.
19:01 of 3rd period - Andrew Shaw is hit by Niklas Hjalmarsson and loses puck.
19:31 of 3rd period - Penalty to Hugh Jessiman is over, Hugh Jessiman is back on ice.
19:41 of 3rd period - Off-side.
19:42 of 3rd period - Mathieu Perreault wins face-off versus Andreas Athanasiou in neutral zone.
Goals for this period are 1 for Mustangs vs 2 for Little Stars.
Shots for this period are 7 for Mustangs vs 10 for Little Stars.
Back to the Top